 Dungeon Crawl Stone Soup version 0.30.1-11-g7821555f0a (webtiles) character file.

Game seed: 17945288631037096119

18 Peloso the Covered (level 2, 27/27 HPs)
             Began as a Minotaur Fighter on Dec 16, 2023.
             Got out of the dungeon alive.
             The game lasted 00:01:02 (808 turns).

Peloso the Covered (Minotaur Fighter)                Turns: 808, Time: 00:01:03

Health: 27/27      AC:  7    Str: 24    XL:     2   Next: 51%
Magic:  1/1        EV:  9    Int:  4    God:
Gold:   28         SH:  4    Dex:  8    Spells: 1/1 levels left

rFire   . . .        a - +0 long sword
rCold   . . .        c - +0 buckler
rNeg    . . .        b - +0 scale mail
rPois   +            (helmet restricted)
rElec   .            (no cloak)
rCorr   .            (no gloves)
SInv    .            (no boots)
Will    .....        (no amulet) Stlth
                     (no ring)
HPRegen 0.24/turn    (no ring)
MPRegen 0.07/turn

%: no passive effects
@: brilliant
A: horns 2, retaliatory headbutt, poison resistance, strong 1
a: no special abilities


You escaped.
You visited 1 branch of the dungeon, and saw 1 of its levels.

You collected 28 gold pieces.

Inventory:

Hand Weapons
 a - a +0 long sword (weapon)
Armour
 b - a +0 scale mail (worn)
 c - a +0 buckler (worn)
Jewellery
 i - a ring of positive energy
Scrolls
 e - a scroll of fear {unknown}
 f - a scroll of poison {unknown}
 j - 2 scrolls of identify {unknown}
Potions
 d - a potion of might
 g - a potion of brilliance
 k - a potion of haste {unknown}
 l - a potion of lignification {unknown}


   Skills:
 + Level 3.9 Fighting
 + Level 3.0 Long Blades
 + Level 3.9 Armour
 + Level 3.9 Shields


You had one spell level left.
You didn't know any spells.
Your spell library was empty.

Dungeon Overview and Level Annotations

Branches:
Dungeon (1/15)

Altars:


Innate Abilities, Weirdness & Mutations

You have a pair of horns on your head.
You reflexively headbutt those who attack you in melee.
Your system is resistant to poisons. (rPois)
Your muscles are strong. (Str +4, Int/Dex -1)


Message History

A kobold is nearby!
A kobold is nearby!
A kobold is nearby!
A rat comes into view.
Found a faded altar of an unknown god.
The kobold hits you with a +0 whip.
You hit the kobold. You headbutt the kobold.
You kill the kobold!
Things that are here:
a +0 whip; a kobold corpse The rat misses you.
You block the rat's attack.
You closely miss the rat. The rat closely misses you.
You slash the rat!
You kill the rat!
You see here a rat corpse.
Found a long sword.
Found a stone staircase leading down.
g - 2 bubbling silvery potions (gained 1)
k - a white potion You see here a rat corpse.
There is an escape hatch in the floor here.
You see here a +0 club.
Key pressed, stopping explore.
l - a silvery potion Done exploring.
Done exploring.
Done exploring.
Done exploring.
Search for what [? for help]? weapon It was a potion of brilliance.
You feel clever all of a sudden.
It was a potion of mutation.
You feel extremely strange.
You feel resistant to poisons.
You feel stronger.
(D) Dungeon
Where to? (? - help)
What level of the Dungeon? (default 1, ? - help)
There is an open door here.
There is a staircase leading out of the dungeon here.
Are you sure you want to leave the Dungeon?
This will make you lose the game!
You have escaped!

........)#.....#....##....# #...#
.......#.#.######.###########.#..
.......#.#.# ##.# ##..###
†........#.# #..# ##.....#
.......###.#####'#### ##.....†.
.......# #.##.......# ##........
######## #.##.8.8.8.# #..^......
.# #..#.......####.......^. .#
#..+.8.@.8.'.###.......^ .######
#.##.......#..[#...>...^
#.....####.##.8.8.8.###.##^^.....
......#....##.......# #.###.....#
#.###.##########'#### #.#####.###
...####....# #..# #...# ###.#
...#.......# ##.#####...#####.#
...#.##....######...............#
...#.##..........##.######.......


There were no monsters in sight!

Vanquished Creatures
  A worm (D:1)
  3 ball pythons (D:1)
  2 endoplasms (D:1)
  A goblin (D:1)
  A hobgoblin (D:1)
  2 kobolds (D:1)
  3 bats (D:1)
  2 rats (D:1)
15 creatures vanquished.

Notes
Turn   | Place    | Note
-------+----------+-------------------------------------------
     0 | D:1      | Peloso the Minotaur Fighter began the quest for the Orb.
     0 | D:1      | Reached XP level 1. HP: 19/19 MP: 0/0
   108 | D:1      | Reached XP level 2. HP: 27/27 MP: 1/1
   326 | D:1      | Found a faded altar of an unknown god.
   776 | D:1      | Gained mutation: Your system is resistant to poisons.
                  | (rPois) [potion of mutation]
   776 | D:1      | Gained mutation: Your muscles are strong. (Str +4, Int/Dex
                  | -1) [potion of mutation]
   808 | D:$      | Got out of the dungeon alive.

Illustrated notes

Levels and vault maps discovered:
D:1:      doesnt_arrival_eight_statues, layout_basic, basic_ecumenical_altar,
          nicolae_wormholes

Skill      XL: |  1  2 |
---------------+-------+-----
Long Blades    | 3 |  3.0
Fighting       | |  3.9
Armour         | |  3.9
Shields        | |  3.9

Action                     || total
---------------------------++-------
  Melee: Long sword        ||    28
         Headbutt          ||     3
    Use: Potion            ||     2
 Armour: Scale mail        ||    15
  Dodge: Dodged            ||    27
  Block: Buckler           ||     5
